 Dungeon Crawl Stone Soup version 0.29.1-12-g30fa7ad0bf (webtiles) character file.

Game seed: 15413290786430028578

224 cowcol the Chopper (level 5, -1/48 HPs)
             Began as a Minotaur Abyssal Knight on Jan 2, 2023.
             Was a Priest of Lugonu.
             Slain by an ogre
             ... wielding a +0 giant spiked club
              (12 damage)
             ... on level 4 of the Dungeon.
             The game lasted 00:08:22 (3352 turns).

cowcol the Chopper (Minotaur Abyssal Knight)        Turns: 3352, Time: 00:08:23

Health: -1/48      AC: 12    Str: 18    XL:     5   Next: 67%
Magic:  5/5        EV:  5    Int:  7    God:    Lugonu [***...]
Gold:   128        SH:  0    Dex: 12    Spells: 4/4 levels left

rFire   . . .      SeeInvis .   j - +0 war axe (vorpal)
rCold   . . .      Faith    .   (no shield)
rNeg    . . .      Spirit   .   v - +0 plate armour
rPois   .          Reflect  .   (helmet restricted)
rElec   .          Harm     .   (no cloak)
rCorr   .          Rampage  .   l - +0 pair of gloves
Will    .....                   (no boots)
Stlth   ..........              (no amulet)
HPRegen 0.16/turn               (no ring)
MPRegen 0.09/turn               (no ring)

@: no status effects
A: horns 2, retaliatory headbutt
a: Renounce Religion, Depart the Abyss, Bend Space, Banish


You were on level 4 of the Dungeon.
You worshipped Lugonu.
Lugonu was most pleased with you.
You visited 1 branch of the dungeon, and saw 4 of its levels.
You visited the Abyss 1 time.

You collected 128 gold pieces.

Inventory:

Hand Weapons
 a - a +1 hand axe
 j - a +0 vorpal war axe (weapon)
 k - a +0 short sword
 n - a +0 club
 p - a +0 whip
 s - a +2 short sword of venom
 t - a +0 mace
Missiles
 h - 37 stones (quivered)
 w - 4 atropa-tipped darts
Armour
 b - a +0 leather armour
 f - a +0 scale mail
 l - a +0 pair of gloves (worn)
 v - a +0 plate armour (worn)
Scrolls
 m - a scroll of butterflies
 y - a scroll of amnesia {unknown}
Potions
 c - a potion of degeneration {unknown}
 d - a potion of mutation {unknown}
 e - a potion of curing {unknown}
 g - a potion of might {unknown}
 i - a potion of haste {unknown}
 o - a potion of berserk rage {unknown}
 q - a potion of attraction {unknown}
 r - a potion of brilliance {unknown}
 u - a potion of lignification {unknown}


   Skills:
 + Level 5.0 Fighting
 * Level 0.2 Short Blades
 + Level 5.4 Axes
 + Level 0.2 Throwing
 + Level 3.5 Armour
 + Level 1.6 Dodging
 + Level 1.8 Invocations


You had 4 spell levels left.
You didn't know any spells.
Your spell library contained the following spells:

 Spells                   Type           Power      Damage    Failure   Level
 Necrotise                Necr           0%         1d4       100%        1
 Conjure Flame            Conj/Fire      0%         6-21      100%        3
 Ignite Poison            Fire/Tmut/Pois 0%         N/A       100%        3
 Vampiric Draining        Necr           0%         2d6       100%        3
 Sticky Flame             Conj/Fire      0%         2d3       100%        4
 Agony                    Necr           0%         N/A       100%        5


Dungeon Overview and Level Annotations

Branches:
Dungeon (4/15)
 Temple: D:4-7

Altars:


Innate Abilities, Weirdness & Mutations

You have a pair of horns on your head.
You reflexively headbutt those who attack you in melee.


Message History

a +0 whip; a kobold corpse
h - 39 stones (gained 6)
y - a scroll labelled TUBLOX FEOKHAU
Okay, then.
An ogre comes into view. It is wielding a +0 giant spiked club.
Found a marble ring.
The ogre shouts!
Throw: 2 darts (poison)
Press: ? - help, Q - select action, (/) - cycle Shift-Dir - straight line, f - ogre
Aim: an ogre, wielding a +0 giant spiked club (74% to hit)
You throw a poisoned dart. The poisoned dart hits the ogre.
The ogre is poisoned.
Throw: dart (poison)
Press: ? - help, Q - select action, (/) - cycle Shift-Dir - straight line, f/p - ogre
Aim: an ogre, wielding a +0 giant spiked club (poisoned, 74% to hit)
You throw a poisoned dart. The poisoned dart hits the ogre.
The ogre looks even sicker.
Throw: 39 stones
Press: ? - help, Q - select action, (/) - cycle Shift-Dir - straight line, f/p - ogre
Aim: an ogre, wielding a +0 giant spiked club (very poisoned, 74% to hit)
You throw a stone. The stone hits the ogre.
The ogre is lightly wounded.
Throw: 38 stones
Press: ? - help, Q - select action, (/) - cycle Shift-Dir - straight line, f/p - ogre
Aim: an ogre, wielding a +0 giant spiked club (lightly wounded, very poisoned, 74% to hit)
You throw a stone.
The stone hits the ogre but does no damage.
The ogre is lightly wounded.
You barely miss the ogre. You headbutt the ogre. Your punch misses the ogre.
The ogre is moderately wounded.
The ogre hits you with a +0 giant spiked club!!
You hit the ogre. You headbutt the ogre!
The ogre is severely wounded.
The ogre hits you with a +0 giant spiked club!
* * * LOW HITPOINT WARNING * * *
You barely miss the ogre.
You headbutt the ogre, but do no damage.
The ogre is severely wounded.
The ogre hits you with a +0 giant spiked club!
You die...

##### #...# #.#.#
#..<# ###)########
#..........#
#..........#
#.........@#
#..........O....#
#...........#..(..
#...........# ....
#..........## .=.
###...#####. ..
.#. . . . .


You could see an ogre (poisoned).

Vanquished Creatures
  A scorpion (D:3)
  Jessica (D:3)
  2 orc wizards (D:3)
  3 adders
  A white imp (D:3)
  2 worms
  2 dart slugs (D:3)
  An orc (D:3)
  A bat (D:2)
  6 endoplasms
  3 giant cockroaches
  5 goblins
  4 hobgoblins
  2 jackals (D:1)
  A quokka (D:1)
  3 ball pythons
  A frilled lizard (D:3)
  7 kobolds
  10 rats
  3 bushes (D:3)
59 creatures vanquished.

Vanquished Creatures (others)
  11 plants (D:3)
11 creatures vanquished.

Grand Total: 70 creatures vanquished

Notes
Turn   | Place    | Note
-------+----------+-------------------------------------------
     0 | Abyss:1  | cowcol the Minotaur Abyssal Knight began the quest for the
                  | Orb.
     0 | Abyss:1  | Reached XP level 1. HP: 19/19 MP: 1/1
    72 | D:1      | Escaped the Abyss
   603 | D:1      | Found a faded altar of an unknown god.
   639 | D:1      | Reached XP level 2. HP: 27/27 MP: 2/2
  1156 | D:2      | Reached XP level 3. HP: 22/34 MP: 3/3
  2129 | D:3      | Reached XP level 4. HP: 34/41 MP: 4/4
  2305 | D:3      | Noticed a scorpion
  2313 | D:3      | Killed a scorpion
  2314 | D:3      | Reached skill level 5 in Fighting
  2314 | D:3      | Reached XP level 5. HP: 34/48 MP: 3/5
  2472 | D:3      | Noticed Jessica
  2478 | D:3      | Killed Jessica
  2479 | D:3      | Reached skill level 5 in Axes
  2482 | D:3      | Reached *** piety under Lugonu
  3345 | D:4      | Noticed an ogre
  3352 | D:4      | Slain by an ogre

Illustrated notes

Levels and vault maps discovered:
D:1:      dpeg_arrival_pits, layout_basic, chequers_ecumenical_altar_island
D:2:      layout_basic, nicolae_figureground_pulse
D:3:      layout_rooms, wad_floor_pattern_untrapped, lexackson_kobold_supper,
          uniq_jessica
D:4:      layout_basic, grunt_temple_overflow_gold_and_silver,
          mainiacjoe_overflow_big_doors, minmay_temple_entry_wispy

Skill      XL: |  1  2  3  4  5 |
---------------+----------------+-----
Fighting       | 4 5 |  5.0
Axes           | 3 4 5 |  5.4
Armour         | 3 |  3.5
Short Blades   | |  0.2
Throwing       | |  0.2
Dodging        | |  1.6
Invocations    | |  1.8

Action                   |  1- 3 |  4- 6 || total
-------------------------+-------+-------++-------
Melee: War axe           |    58 |   138 ||   196
       Headbutt          |    13 |    39 ||    52
       Hand axe          |     2 |       ||     2
       Punch             |     1 |     4 ||     5
Throw: Stone             |     2 |     6 ||     8
       Dart              |       |     2 ||     2
Invok: Bend Space        |       |     1 ||     1
  Use: Scroll            |     4 |     1 ||     5
Armor: Leather armour    |     9 |       ||     9
       Scale mail        |    10 |    25 ||    35
       Plate armour      |       |    14 ||    14
Dodge: Dodged            |    52 |    23 ||    75
